 Dungeon Crawl Stone Soup version 0.29-a0-542-g075992c915 (webtiles) character file.

Game seed: 6405271709553565994

24 Flugkiller the Skirmisher (level 3, -2/34 HPs)
             Began as a Meteoran Chaos Knight on June 3, 2022.
             Was a Plaything of Xom.
             Slain by a river rat (3 damage)
             ... summoned by Eustachio
             ... on level 4 of the Dungeon.
             The game lasted 00:01:19 (285 turns).

Flugkiller the Skirmisher (Meteoran Chaos Knight)    Turns: 285, Time: 00:01:20

Health: -2/34      AC:  5    Str: 15    XL:     3   Next: 32%
Magic:  4/4        EV: 11    Int: 14    God:    Xom [...*..]
Gold:   12         SH:  0    Dex: 13    Spells: 2/2 levels left

rFire   . . .      SeeInvis .   a - +0 hand axe (chaos)
rCold   . . .      Faith    .   (no shield)
rNeg    . . .      Spirit   .   b - +2 leather armour
rPois   .          Reflect  .   (no helmet)
rElec   .          Harm     .   (no cloak)
rCorr   .          Rampage  .   (no gloves)
Will    .....                   (no boots)
Stlth   +.........              (no amulet)
HPRegen 0.11/turn               (no ring)
MPRegen 0.09/turn               (no ring)

@: mighty, glowing
A: sense surroundings 1, otherworldly, glowing, explore regen
a: Renounce Religion


You were on level 4 of the Dungeon.
You worshipped Xom.
You were a favourite toy of Xom.
You visited 1 branch of the dungeon, and saw 4 of its levels.

You collected 12 gold pieces.

Inventory:

Hand Weapons
 a - a +0 hand axe of chaos (weapon)
 f - a +1 dagger of speed
   (You took it off a goblin on level 1 of the Dungeon)
Armour
 b - a +2 leather armour (worn)
Wands
 j - a wand of flame (10)
   (You found it on level 4 of the Dungeon)
Scrolls
 g - a scroll of fear {unknown}
 h - a scroll of fog {unknown}
 i - a scroll of enchant armour {unknown}
Potions
 e - a potion of cancellation {unknown}
Miscellaneous
 c - a piece from Xom's chessboard (15/15) (quivered)


   Skills:
 + Level 4.5 Fighting
 - Level 3.6 Axes
 - Level 2.4 Armour
 - Level 1.2 Dodging


You had 2 spell levels left.
You didn't know any spells.
Your spell library was empty.

Dungeon Overview and Level Annotations

Branches:
Dungeon (4/15)
 Temple: D:4-7

Altars:
Xom

Shops:
D:3 =

Annotations:
D:4 Eustachio


Innate Abilities, Weirdness & Mutations

You passively map a small area around you.
You are easily found by Zot.
You glow in the dark.
You regain HP and MP as you explore.


Message History

Eustachio and a worm come into view.
Eustachio shouts!
You hear an angry hiss.
Eustachio gestures wildly while chanting.
The worm closely misses you.
You hit the worm.
The worm is moderately wounded.
The worm blinks!
Xom smiles on you.
You feel better.
Eustachio screams, "Hey, you killed my favourite bat!"
The crimson imp blinks!
You barely miss Eustachio. Eustachio misses you.
You closely miss Eustachio. Eustachio barely misses you.
You barely miss Eustachio. Eustachio hits you but does no damage.
Eustachio completely misses you.
You hit Eustachio.
Eustachio is lightly wounded.
Eustachio hits you with a +0 rapier.
You hit Eustachio but do no damage.
Eustachio is lightly wounded.
Xom makes a sudden noise!
You hear a very strange noise.
You hear a shout! x3
Eustachio completely misses you.
You hit Eustachio. You burn Eustachio.
Eustachio is moderately wounded.
Eustachio mumbles some strange words.
You hit Eustachio but do no damage.
Eustachio is poisoned.
Eustachio is moderately wounded.
Xom grants you insight.
You feel aware of your surroundings.
You sensed 1 altar.
Eustachio barely misses you.
The crimson imp blinks!
You closely miss Eustachio.
Eustachio is moderately wounded.
Eustachio barely misses you.
You hit Eustachio.
Eustachio is heavily wounded.
The white imp disappears in a puff of smoke!
Eustachio barely misses you.
You barely miss Eustachio.
Eustachio is heavily wounded.
Eustachio hits you with a +0 rapier.
You barely miss Eustachio.
Eustachio is heavily wounded.
Eustachio hits you with a +0 rapier.
A giant cockroach comes into view.
The crimson imp blinks!
The white imp summons a swarm of flies.
You closely miss Eustachio.
Eustachio is heavily wounded. "This might be better!"
The giant cockroach seems to slow down.
Eustachio mumbles some strange words.
The rat twitches its whiskers.
Eustachio hits you with a +0 rapier.
You hit Eustachio. You freeze Eustachio.
Eustachio is severely wounded.
You barely miss the rat.
The rat disappears in a puff of smoke!
Eustachio hits you with a +0 rapier! The rat bites you.
* * * LOW HITPOINT WARNING * * *
Unknown command.
It was a potion of might.
You feel very mighty all of a sudden.
Xom roars with laughter!
Xom complains about the scenery.
Eustachio looks more healthy.
The white imp disappears in a puff of smoke!
Eustachio mumbles some strange words.
Eustachio blinks!
An orc comes into view. It is wielding a +0 whip.
The rat barely misses you.
You barely miss the rat. The bat closely misses you. The bat hits you.
* * * LOW HITPOINT WARNING * * *
The rat bites you but does no damage.
Eustachio gestures wildly while chanting.
Unknown command.
You closely miss the rat. You barely miss the bat. The bat closely misses you.
The rat bites you.
* * * LOW HITPOINT WARNING * * *
Unknown command.
You slash the rat!
You kill the rat!
The rat's corpse disappears in a puff of smoke!
You hit the bat. You freeze the bat.
You kill the bat!
The bat's corpse disappears in a puff of smoke!
The crimson imp disappears in a puff of smoke!
The bat hits you but does no damage.
Unknown command.
You hit the river rat.
The river rat is poisoned.
The river rat is lightly wounded.
The bat hits you but does no damage. The river rat bites you.
* * * LOW HITPOINT WARNING * * *
Unknown command.
The bat barely misses you.
Unknown command.
You hit the giant cockroach.
Lightning courses through the giant cockroach!
You kill the giant cockroach!
You hit the river rat. You freeze the river rat.
The bat hits you but does no damage. The river rat bites you.
You die...

,,,,#...........#,
*##**,,, * , ,
,,#......_<..#
*,.5.*, , ≈
*,**#.......__##
*#...*,,≈≈,,, *
#........._###_.,,
,≈≈ _, ,
#...........#.#***
,,, ,, , *,
#....<.....o..# *,
,,,, ** ,
##....†.##.#5## *
,,, *, * *
***#.##.#.##.#r#
*,, *,,, ,,*
,#,*#.#.##.#@# **,
, * , *#......b_#
** , , *
*,,****####≈._###
*,** * , ,, *,,,*
#≈≈..# **, **, ,
,*≈,, *#≈≈### *,
,, *,, * , #≈≈#
*** ***** * ,* **,
≈≈*≈ ≈#≈≈* *,,,,
,, * , * **, *
*,≈*≈,≈#≈≈* *,****
,,, * , ,* ≈*≈
≈#≈,* *, * *,, ,


You could see a river rat (summoned, very poisoned), an orc, an ufetubus
(summoned) and a bat (summoned).

Vanquished Creatures
  A worm (D:2)
  A dart slug (D:1)
  3 orcs (D:3)
  A ball python (D:3)
  2 giant cockroaches
  2 goblins
  3 hobgoblins
  2 bats
  A rat (D:2)
16 creatures vanquished.

Notes
Turn   | Place    | Note
-------+----------+-------------------------------------------
     0 | D:1      | Flugkiller the Meteoran Chaos Knight began the quest for
                  | the Orb.
     0 | D:1      | Reached XP level 1. HP: 19/19 MP: 2/2
    67 | D:1      | Reached XP level 2. HP: 7/27 MP: 3/3
   116 | D:1      | Reached skill level 4 in Fighting
   117 | D:1      | XOM: enchant monster (bad)
   177 | D:3      | Found Tielue's Jewellery Shop.
   218 | D:3      | Reached XP level 3. HP: 17/33 MP: 4/4
   258 | D:4      | Noticed Eustachio
   265 | D:4      | XOM: potion effect (curing)
   270 | D:4      | XOM: noise
   272 | D:4      | XOM: divination: magic mapping
   277 | D:4      | XOM: enchant monster (good)
   279 | D:4      | XOM: scenery: create altars
   283 | D:4      | HP: 1/34 [river rat[Eustachio] (6)]
   285 | D:4      | Slain by a river rat

Illustrated notes

Levels and vault maps discovered:
D:1:      matt_arrival_diagonals, layout_loops_corners, serial_shops,
          nicolae_shop_advertising_works [nicolae_subvault_shop_adworks],
          hellmonk_ecumenical_altar_prayer_group
D:2:      minmay_spotlight, layout_basic
D:3:      layout_basic, nicolae_overflow_hidden_temple,
          hellmonk_ghost_happy_afterlife, serial_shops,
          nicolae_shop_hallway_stairs
D:4:      layout_loops_cross, nicolae_wu_jian_wuxing_cycle,
          overflow_temple_1_default, minmay_temple_entry_waves,
          gup_sewer_entry_pipe, lemuel_old_faithful, uniq_crazy_yiuf_cottage,
          uniq_eustachio

Skill      XL: |  1  2 |
---------------+-------+-----
Fighting       | 4 |  4.5
Axes           | |  3.6
Armour         | |  2.4
Dodging        | |  1.2

Action                   || total
-------------------------++-------
Melee: Hand axe          ||    58
  Use: Potion            ||     1
Armor: Leather armour    ||    21
Dodge: Dodged            ||    41

Table legend: (Time is in decaauts)
 A = Elapsed time spent in this place.
 B = Non-inter-level travel time spent in this place.
 C = Inter-level travel time spent in this place.
 D = Time resting spent in this place.
 E = Time spent auto-exploring this place.
 F = Levels seen in this place.
 G = Mean time per level.
                   A        B        C        D        E       F      G
               +--------+--------+--------+--------+--------+-----+--------+
         Total |    290 |    290 |      0 |      0 |      0 |   4 |   72.5 |
       Dungeon |    290 |    290 |      0 |      0 |      0 |   4 |   72.5 |
               +--------+--------+--------+--------+--------+-----+--------+

Top non-repeatable levels by time:
     D:1: 97 daAuts
     D:2: 82 daAuts
     D:3: 70 daAuts
     D:4: 40 daAuts
